 Dungeon Crawl Stone Soup version 0.30-a0-743-gbfdf073431 (webtiles) character file.

Game seed: 6794523956586815490

43131 NinjaNoafa the Meteoric Aeon (level 15, -5/121 HPs)
             Began as a Meteoran Conjurer on Feb 6, 2023.
             Was the Champion of Cheibriados.
             Slain by a minotaur simulacrum (39 damage)
             ... in an ice cave.
             The game lasted 01:04:15 (9209 turns).

NinjaNoafa the Meteoric Aeon (Meteoran Conjurer)    Turns: 9209, Time: 01:04:16

Health: -5/121     AC: 16    Str: 25    XL:     15   Next: 1%
Magic:  10/29      EV: 24    Int: 41    God:    Cheibriados [******]
Gold:   619        SH: 17    Dex: 29    Spells: 5/32 levels left

rFire   + . .      SeeInvis .    P - staff of fire
rCold   . . .      Faith    +    i - +2 kite shield {reflect}
rNeg    . . .      Spirit   .    b - +5 steam dragon scales
rPois   .          Reflect  +    v - +1 hat
rElec   .          Harm     .    (no cloak)
rCorr   .          Rampage  .    a - +1 Delatra's gloves {ID++}
Will    +....                    j - +0 pair of boots
Stlth   +                        G - amulet of faith
HPRegen 0.40/turn                O - ring of wizardry
MPRegen 0.21/turn                m - +5 ring of evasion

@: glowing, very slow
A: sense surroundings 2, otherworldly, glowing, explore regen
a: Renounce Religion, Bend Time, Temporal Distortion, Slouch, Step From Time


You were in an ice cave.
You worshipped Cheibriados.
Cheibriados was exalted by your worship.
You visited 3 branches of the dungeon, and saw 20 of its levels.
You also visited: Sewer and Ice Cave.

You collected 899 gold pieces.
You spent 280 gold pieces at shops.

Inventory:

Missiles
 I - 4 javelins
Armour
 a - the +1 Delatra's gloves (worn) {ID++}
   (You found it on level 3 of the Dungeon)

   ID++:      It heals its wearer when they drink unknown potions, and restores
   their MP when they read unknown scrolls.
 b - +5 steam dragon scales (worn)
 i - a +2 kite shield of reflection (worn)
 j - a +0 pair of boots (worn)
 v - a +1 hat (worn)
 H - a +2 pair of gloves
Magical Staves
 P - a staff of fire (weapon)
Jewellery
 d - a ring of protection from cold
 m - a +5 ring of evasion (right hand)
 p - a ring of flight
 q - a ring of ice
 u - a ring of willpower
 x - a ring of resist corrosion
 G - an amulet of faith (around neck)
 O - a ring of wizardry (left hand)
Wands
 s - a wand of quicksilver (19)
 J - a wand of polymorph (5)
 L - a wand of paralysis (3)
Scrolls
 f - 5 scrolls of teleportation
 o - a scroll of vulnerability
 r - 5 scrolls of fog
 t - 5 scrolls of poison
 w - a scroll of magic mapping
 y - a scroll of silence
 C - 3 scrolls of fear
 D - 2 scrolls of blinking
 K - 3 scrolls of brand weapon {unknown}
Potions
 c - a potion of cancellation
 e - a potion of brilliance
 h - 3 potions of invisibility
 k - 4 potions of curing
 l - 2 potions of might
 n - 3 potions of mutation
 z - a potion of attraction
 A - a potion of berserk rage
 B - a potion of flight {unknown}
 E - a potion of heal wounds
 N - a potion of resistance
Miscellaneous
 g - a lightning rod (4/4)
 F - a phial of floods
 M - a box of beasts


   Skills:
 - Level 8.0 Fighting
 - Level 7.0 Armour
 - Level 8.0 Dodging
 - Level 1.4 Stealth
 + Level 10.5 Shields
 - Level 9.0 Spellcasting
 - Level 9.0 Conjurations
 - Level 9.0 Hexes
 - Level 9.0 Translocations
 - Level 9.0 Transmutations
 + Level 3.2 Fire Magic
 - Level 13.0 Invocations
 + Level 7.1 Evocations


You had 5 spell levels left.
You knew the following spells:

 Your Spells              Type           Power      Damage    Failure   Level
a - Passage of Golubria   Tloc           75%        N/A       1%          4
b - Searing Ray           Conj           100%       2d8       1%          2
c - Dazzling Flash        Conj/Hex       100%       N/A       1%          3
d - Iskenderun's Mystic   Conj/Tloc      75%        2d15      1%          4
e - Fulminant Prism       Conj/Hex       37%        3d18      1%          4
f - Irradiate             Conj/Tmut      37%        3d24      1%          5
g - Fireball              Conj/Fire      40%        3d16      3%          5

Your spell library contained the following spells:

 Spells                   Type           Power      Damage    Failure   Level
 Foxfire                  Conj/Fire      100%       2x1d9     1%          1
 Freeze                   Ice            72%        1d8       1%          1
 Magic Dart               Conj           100%       1d8       1%          1
 Scorch                   Fire           100%       2d10      1%          2
 Hailstorm                Conj/Ice       53%        3d12      1%          3
 Sublimation of Blood     Necr           18%        N/A       2%          2
 Petrify                  Tmut/Erth      53%        N/A       2%          4
 Frozen Ramparts          Ice            36%        1d6       4%          3
 Ozocubu's Armour         Ice            18%        N/A       4%          3
 Silence                  Hex/Air        26%        N/A       7%          5
 Starburst                Conj/Fire      40%        6d11      21%         6
 Eringya's Noxious Bog    Tmut/Pois      26%        N/A       34%         6
 Ozocubu's Refrigeration  Ice            9%         4d9       100%        7
 Lehudib's Crystal Spear  Conj/Erth      26%        10d7      100%        8


Dungeon Overview and Level Annotations

Branches:
Dungeon (14/15) Zot: 2828  Temple (1/1) D:4 Zot: 781    Lair (5/5) D:9 Zot: 166
 Shoals (0/4) Lair:3       Spider (0/4) Lair:2        Slime (0/5) Lair:4
  Sewer (visited)           IceCv (1/1) Zot: 872
    Orc: D:9-12      Vaults: D:13-14

Altars:
Cheibriados
Dithmenos
Hepliaklqana
Kikubaaqudgha
Makhleb
Nemelex Xobeh
Qazlal
Ru
Trog
Uskayaw
Vehumet
Yredelemnul
The Shining One
Jiyva

Shops:
D:3 :

Annotations:
Lair:4 2 runed translucent doors


Innate Abilities, Weirdness & Mutations

You passively map the area around you.
You are easily found by Zot.
You glow in the dark.
You regain HP and MP as you explore.


Message History

Cheibriados thoroughly appreciates the change of pace.
The mystic blast hits the harpy simulacrum.
The harpy simulacrum is severely damaged.
You block the harpy simulacrum's attack. x2
The harpy simulacrum barely misses you. The harpy simulacrum claws you.
The harpy simulacrum freezes you!
You have reached level 15!
Your experience leads to an increase in your attributes!
Your base attributes are Str 9, Int 24, Dex 14.
Increase (S)trength, (I)ntelligence, or (D)exterity?
You feel clever. x2; You feel stronger.
Casting: Iskenderun's Mystic Blast (safe; 1% risk of failure)
Confirm with . or Enter, or press ? or * to list all spells.
You erupt in a blast of force!
The mystic blast hits the harpy simulacrum!!
The harpy simulacrum vaporises!
Cheibriados thoroughly appreciates the change of pace.
A minotaur simulacrum comes into view.
The minotaur simulacrum completely misses you.
The minotaur simulacrum gores you. The minotaur simulacrum freezes you!
You hit the minotaur simulacrum.
The minotaur simulacrum is lightly damaged.
The minotaur simulacrum hits you! The minotaur simulacrum freezes you!!
* * * LOW HITPOINT WARNING * * *
You block the minotaur simulacrum's attack.
You are glowing.
Your movement speed is very slow.
Your attack delay is about 1.3 (and is slowed by your shield).
Your damage rating with your staff of fire is about 7 (Base 5 x 137% (Str) x 113% (Skill)).
Your base attributes are Str 10, Int 26, Dex 14.
Press: ? - help, v - describe, . - travel
Here: a minotaur simulacrum (lightly damaged)
The floor.
Unknown command.
You hit the minotaur simulacrum but do no damage.
You burn the minotaur simulacrum!
The minotaur simulacrum is moderately damaged.
The minotaur simulacrum hits you!
* * * LOW HITPOINT WARNING * * *
The minotaur simulacrum freezes you!!!
You die...

*, * #####,
*, * ,
##..∩# *#
#∩..## * .#*
, * #....#
*..## , * *
#...## #...#
, *
##..####...#
* , *
#...##.Z.# *
** #..##.@.#
#......## *
, ##...### *
* #####


You could see a minotaur simulacrum.

Vanquished Creatures
  A dire elephant (Lair:5)
  Snorg (D:10)
  4 centaur warriors
  5 hydras
  4 boulder beetles
  A tengu warrior (D:11)
  2 two-headed ogres
  A death yak (Lair:3)
  A spriggan simulacrum (IceCv)
  3 harpies (Lair:3)
  A deep elf pyromancer (D:13)
  An oklob plant (Lair:1)
  2 manticores (D:13)
  2 cyclopes (D:12)
  An elephant (Lair:2)
  A gargoyle (D:13)
  An ice statue (D:10)
  A demonic crawler (Lair:2)
  3 black mambas
  The ghost of drewk1942 the Covert, a novice SpEn of Ashenzari (D:7)
  3 torpor snails
  A rime drake (Lair:4)
  11 cane toads
  An unseen horror (D:11)
  9 komodo dragons
  An ice devil (IceCv)
  A troll (shapeshifter) (D:13)
  2 trolls
  2 hornets
  13 blink frogs
  Sigmund (D:3)
  5 slime creatures (D:12)
  2 wyverns
  A shadow (D:12)
  4 basilisks
  4 steam dragons
  33 yaks
  A harpy simulacrum (IceCv)
  Duvessa (D:5)
  16 water moccasins
  An orc warrior (D:9)
  Pargi (Sewer)
  4 ice beasts
  3 black bears
  2 sky beasts (D:8)
  6 centaurs
  An ogre (D:5)
  7 wolves
  A phantom (D:7)
  15 bullfrogs
  A necrophage (D:6)
  5 scorpions
  A deep troll simulacrum (IceCv)
  Dowan (D:5)
  4 wights (D:8)
  11 killer bees (D:9)
  2 howler monkeys
  A gnoll bouda (D:6)
  2 hounds (D:6)
  2 orc priests (D:3)
  6 jellies
  3 iguanas
  9 orc wizards
  4 hell rats (Lair:4)
  3 gnolls (D:6)
  7 adders
  4 river rats
  A white imp (D:8)
  An ufetubus (D:5)
  2 worms
  4 dart slugs
  21 orcs
  4 ball pythons
  6 endoplasms
  5 giant cockroaches
  8 goblins
  4 hobgoblins
  6 jackals (D:1)
  2 quokkas
  3 bats
  3 frilled lizards
  7 kobolds
  8 rats
  A bush (Lair:1)
  A fulminant prism (D:10)
343 creatures vanquished.

Vanquished Creatures (others)
  A manticore (D:13)
  A sky beast (D:8)
  39 fulminant prisms
  60 fungi
  49 plants
  6 withered plants (Lair:5)
156 creatures vanquished.

Grand Total: 499 creatures vanquished

Notes
Turn   | Place    | Note
-------+----------+-------------------------------------------
     0 | D:1      | NinjaNoafa the Meteoran Conjurer began the quest for the
                  | Orb.
     0 | D:1      | Reached XP level 1. HP: 14/14 MP: 5/5
    28 | D:1      | Reached XP level 2. HP: 22/22 MP: 2/6
    36 | D:1      | Reached skill level 5 in Conjurations
    99 | D:1      | Learned a level 2 spell: Searing Ray
   105 | D:1      | Reached skill level 1 in Fighting
   113 | D:1      | Reached XP level 3. HP: 15/28 MP: 3/8
   261 | D:2      | Reached XP level 4. HP: 36/36 MP: 6/9
   693 | D:3      | Reached XP level 5. HP: 35/45 MP: 5/11
   720 | D:3      | Noticed Sigmund
   739 | D:3      | Killed Sigmund
   740 | D:3      | Reached XP level 6. HP: 22/51 MP: 9/13
   763 | D:3      | Noticed an ice beast
   800 | D:3      | Found the +1 Delatra's gloves {ID++}
   813 | D:3      | Killed an ice beast
   814 | D:3      | Reached XP level 7. HP: 40/57 MP: 7/14
  1140 | D:3      | Found Qecy's Book Emporium.
  1171 | D:3      | Learned a level 3 spell: Dazzling Flash
  1369 | D:4      | Found a glowing drain.
  1373 | Sewer    | Entered a sewer
  1427 | Sewer    | Noticed Pargi
  1452 | Sewer    | Killed Pargi
  1453 | Sewer    | Reached skill level 5 in Spellcasting
  1609 | D:4      | Learned a level 4 spell: Iskenderun's Mystic Blast
  1688 | D:4      | Found a stormy altar of Qazlal.
  1689 | D:4      | Found a sacrificial altar of Ru.
  1690 | D:4      | Found a hide-covered altar of Uskayaw.
  1900 | D:4      | Found a staircase to the Ecumenical Temple.
  1907 | Temple   | Entered the Ecumenical Temple
  1961 | Temple   | Became a worshipper of Cheibriados the Contemplative
  2024 | D:4      | Noticed a steam dragon
  2036 | D:4      | Killed a steam dragon
  2037 | D:4      | Reached skill level 5 in Translocations
  2037 | D:4      | Reached XP level 8. HP: 29/63 MP: 2/17
  2148 | D:5      | Entered Level 5 of the Dungeon
  2231 | D:5      | Reached skill level 1 in Hexes
  2318 | D:5      | Noticed Dowan
  2320 | D:5      | Noticed Duvessa
  2323 | D:5      | Killed Dowan
  2330 | D:5      | Killed Duvessa
  2358 | D:5      | Gained mutation: You passively map the area around you.
                  | [Meteoran growth]
  2358 | D:5      | Reached XP level 9. HP: 69/69 MP: 8/19
  2573 | D:6      | Reached * piety under Cheibriados
  2593 | D:6      | Learned a level 4 spell: Fulminant Prism
  2779 | D:7      | Noticed drewk1942's ghost (novice SpEn)
  2783 | D:7      | Found a runed translucent door.
  2811 | D:7      | Noticed a hornet
  2819 | D:7      | Paralysed by a hornet for 2 turns
  2823 | D:7      | Killed a hornet
  2836 | D:7      | Reached skill level 5 in Hexes
  3009 | D:8      | Reached XP level 10. HP: 40/77 MP: 4/23
  3035 | D:8      | Reached skill level 1 in Armour
  3304 | D:9      | Reached ** piety under Cheibriados
  3322 | D:9      | Reached skill level 5 in Dodging
  3401 | D:9      | Reached skill level 1 in Invocations
  3455 | D:9      | Noticed a two-headed ogre
  3483 | D:9      | Reached skill level 5 in Fighting
  3490 | D:9      | Killed a two-headed ogre
  3491 | D:9      | Reached skill level 3 in Invocations
  3491 | D:9      | Reached XP level 11. HP: 21/86 MP: 20/24
  3553 | D:9      | Reached skill level 5 in Armour
  3553 | D:9      | Reached skill level 4 in Invocations
  3581 | D:9      | Reached skill level 5 in Invocations
  3602 | D:9      | Found a staircase to the Lair.
  3679 | D:10     | Entered Level 10 of the Dungeon
  3680 | D:10     | Noticed Snorg
  3692 | D:10     | Killed Snorg
  3747 | D:10     | Noticed an ice statue
  3760 | D:10     | Killed an ice statue
  3787 | D:10     | You fall into a shaft and drop 2 floors!
  3884 | D:11     | Noticed a boulder beetle
  3947 | D:11     | Reached *** piety under Cheibriados
  3951 | D:11     | Reached skill level 1 in Evocations
  3956 | D:11     | Killed a boulder beetle
  4041 | D:11     | Noticed a tengu warrior
  4051 | D:11     | Killed a tengu warrior
  4325 | D:3      | Bought a book of Alchemy for 280 gold pieces
  4890 | D:7      | Killed drewk1942's ghost
  4891 | D:7      | Reached skill level 1 in Shields
  4891 | D:7      | Reached skill level 1 in Transmutations
  4891 | D:7      | Reached skill level 6 in Invocations
  5197 | Lair:1   | Entered Level 1 of the Lair of Beasts
  5292 | Lair:1   | Noticed an oklob plant
  5301 | Lair:1   | Killed an oklob plant
  5302 | Lair:1   | Reached XP level 12. HP: 70/95 MP: 10/25
  5630 | Lair:2   | Reached skill level 7 in Invocations
  5634 | Lair:2   | Reached **** piety under Cheibriados
  5767 | Lair:2   | Reached skill level 5 in Shields
  5767 | Lair:2   | Reached skill level 5 in Transmutations
  6108 | D:11     | Learned a level 4 spell: Passage of Golubria
  6114 | D:11     | Learned a level 5 spell: Irradiate
  6166 | D:11     | Noticed a two-headed ogre
  6179 | D:11     | Killed a two-headed ogre
  6287 | D:12     | Noticed a boulder beetle
  6294 | D:12     | Noticed a centaur warrior
  6297 | D:12     | Killed a centaur warrior
  6300 | D:12     | Killed a boulder beetle
  6626 | Lair:2   | Reached XP level 13. HP: 102/102 MP: 16/26
  6729 | Lair:2   | Reached skill level 8 in Invocations
  6729 | Lair:2   | Glimpsed the power of Zot.
  6758 | Lair:2   | Glimpsed the power of Zot.
  6785 | Lair:2   | Noticed a seven-headed hydra
  6798 | Lair:3   | Noticed a death yak
  6804 | Lair:3   | Killed a death yak
  6837 | Lair:3   | Reached ***** piety under Cheibriados
  6862 | Lair:3   | Reached skill level 5 in Evocations
  6864 | Lair:3   | Found a staircase to the Shoals.
  7059 | Lair:4   | Found a large runed translucent door.
  7059 | Lair:4   | Found a large runed translucent door.
  7106 | Lair:4   | Noticed a five-headed hydra
  7111 | Lair:4   | Noticed an eight-headed hydra
  7114 | Lair:4   | Killed an eight-headed hydra
  7115 | Lair:4   | Reached skill level 9 in Invocations
  7117 | Lair:4   | Killed a five-headed hydra
  7212 | Lair:5   | Entered Level 5 of the Lair of Beasts
  7216 | Lair:5   | Reached skill level 10 in Invocations
  7277 | Lair:5   | Reached XP level 14. HP: 98/115 MP: 12/28
  7369 | Lair:5   | Reached skill level 10 in Shields
  7369 | Lair:5   | Reached skill level 11 in Invocations
  7393 | Lair:4   | Reached ****** piety under Cheibriados
  7450 | Lair:4   | Reached skill level 12 in Invocations
  7551 | Lair:5   | Noticed a dire elephant
  7556 | Lair:5   | Noticed a dire elephant
  7654 | Lair:5   | Noticed a dire elephant
  7668 | Lair:5   | Killed a dire elephant
  7706 | Lair:4   | Found a viscous altar of Jiyva.
  7713 | Lair:4   | Found a staircase to the Slime Pits.
  8477 | D:13     | Learned a level 5 spell: Fireball
  8523 | D:13     | Reached skill level 1 in Fire Magic
  8535 | D:13     | Reached skill level 13 in Invocations
  8587 | D:13     | Got Sif Muna's Papyrus of Cankerous Calefaction
  8954 | Lair:2   | Found a hole to the Spider Nest.
  9177 | D:14     | Found a frozen archway.
  9192 | IceCv    | Entered an ice cave
  9205 | IceCv    | Reached XP level 15. HP: 89/121 MP: 12/29
  9209 | IceCv    | Slain by a minotaur simulacrum

Illustrated notes

Levels and vault maps discovered:
D:1:      dpeg_arrival_solitude, layout_basic, minmay_heptomino_w4
D:2:      layout_basic, uniq_crazy_yiuf_cottage, uniq_jessica
D:3:      layout_basic, serial_shops, nicolae_shop_behind_doors,
          chequers_serial_rivers_large_a, minmay_misc_feat_chi, uniq_robin,
          uniq_sigmund
D:4:      layout_basic, chequers_temple_overflow_statue_of_worship,
          minmay_temple_entry_overgrown, gup_sewer_entry_spiral,
          hangedman_decor_lopped
D:5:      layout_basic, uniq_duvessa
D:6:      cheibrodos_two_vegetables, layout_cave_pods, uniq_edmund
D:7:      layout_basic, hellmonk_ghost_happy_afterlife
D:8:      layout_rooms, corexii_hall_statues_t, hangedman_misty_isle
D:9:      layout_rooms, grunt_lair_entry_orc_guard_hut,
          hellmonk_bongcloud_opening
D:10:     layout_roguey, pdpol_temple_overflow_zin_treasury_gozag_greed,
          orc_0_dummy, minivault_16, minmay_misc_feat_nine_boxes, uniq_snorg,
          uniq_urug
D:11:     layout_gridville
D:12:     minmay_cut_squares, layout_loops_ring,
          onia_ninara_dug_in_and_dangerous
D:13:     layout_rooms, lightli_vaults_fourway_checkpoint
D:14:     layout_roguey, portal_ice_cave_entry_pillars_three
Temple:   bh_familiar_temple
Lair:1:   layout_loops_ring, minmay_lair_oklob_bushes, serial_bayou_shore_b,
          serial_bayou_shore_b
Lair:2:   layout_chaotic_city, nicolae_spider_entry_non_spiders
Lair:3:   layout_gridlike, nicolae_shoals_entry_roost, st_stairs_8,
          serial_bayou_shore_a
Lair:4:   layout_long_grid, nicolae_slime_entry_field_trip,
          ebering_ghost_disaster_area, kennysheep_abandoned_house
Lair:5:   due_jungle_book, layout_misc_corridors, grunt_megastairs_3
IceCv:    ice_cave_caverns_03

Skill      XL: |  1  2  3  4  5  6  7  8  9 10 11 12 13 14 |
---------------+-------------------------------------------+-----
Conjurations   | 5 6 7 9 |  9.0
Spellcasting   | 3 4 5 6 8 9 |  9.0
Fighting       | 1 2 3 5 8 |  8.0
Dodging        | 3 5 7 8 |  8.0
Translocations | 2 3 5 6 7 8 9 |  9.0
Hexes          | 2 5 7 9 |  9.0
Armour         | 4 5 6 7 |  7.0
Invocations    | 3 6 7 10 13 | 13.0
Evocations     | 2 3 6 7 |  7.1
Shields        | 2 7 9 10 | 10.5
Transmutations | 2 7 8 9 |  9.0
Fire Magic     | 3 |  3.2
Stealth        | |  1.4

Action                     |  1- 3 |  4- 6 |  7- 9 | 10-12 | 13-15 || total
---------------------------+-------+-------+-------+-------+-------++-------
  Melee: Unarmed           |     1 |       |       |       |       ||     1
         Short sword       |     6 |     2 |    14 |    55 |    45 ||   122
         Staff             |       |       |       |       |     3 ||     3
   Cast: Magic Dart        |    29 |    20 |    47 |     3 |       ||    99
         Searing Ray       |     2 |     9 |    29 |    21 |     9 ||    70
         Iskenderun's Myst |       |       |    28 |    99 |   110 ||   237
         Dazzling Flash    |       |       |     5 |     2 |     3 ||    10
         Fulminant Prism   |       |       |     3 |    34 |     3 ||    40
         Irradiate         |       |       |       |     7 |    26 ||    33
         Passage of Golubr |       |       |       |     2 |    23 ||    25
         Fireball          |       |       |       |       |     9 ||     9
 Invoke: Bend Time         |       |       |       |     3 |       ||     3
         Temporal Distorti |       |       |       |     1 |       ||     1
         Slouch            |       |       |       |       |     2 ||     2
  Evoke: Wand              |       |       |       |     1 |       ||     1
    Use: Potion            |       |     1 |     3 |     6 |     2 ||    12
         Scroll            |       |       |     1 |    21 |    12 ||    34
   Stab: Paralysed         |       |       |       |     2 |       ||     2
 Armour: Robe              |     4 |    16 |    49 |     1 |       ||    70
         Steam dragon scal |       |       |       |   107 |    67 ||   174
         Skin              |       |       |       |       |     1 ||     1
  Dodge: Dodged            |    14 |    28 |    75 |   251 |   261 ||   629
  Block: Kite shield       |       |       |       |   151 |   345 ||   496
         Reflection        |       |       |       |     1 |    15 ||    16

Table legend: (Time is in decaauts)
 A = Elapsed time spent in this place.
 B = Non-inter-level travel time spent in this place.
 C = Inter-level travel time spent in this place.
 D = Time resting spent in this place.
 E = Time spent auto-exploring this place.
 F = Levels seen in this place.
 G = Mean time per level.
                   A        B        C        D        E       F      G
               +--------+--------+--------+--------+--------+-----+--------+
         Total |  13471 |  10724 |   2747 |      0 |   3496 |  22 |  612.3 |
       Dungeon |   8882 |   7262 |   1620 |      0 |   2407 |  14 |  634.4 |
        Temple |     91 |     55 |     36 |      0 |     26 |   1 |   91.0 |
          Lair |   4333 |   3243 |   1090 |      0 |    998 |   5 |  866.6 |
         Sewer |    137 |    137 |      0 |      0 |     62 |   1 |  137.0 |
      Ice Cave |     26 |     26 |      0 |      0 |      2 |   1 |   26.0 |
               +--------+--------+--------+--------+--------+-----+--------+

Top non-repeatable levels by time:
    D:11: 1459 daAuts
  Lair:1: 1458 daAuts
     D:9: 1043 daAuts
     D:4: 988 daAuts
  Lair:2: 922 daAuts
  Lair:4: 712 daAuts
     D:7: 699 daAuts
     D:3: 682 daAuts
    D:13: 653 daAuts
     D:8: 651 daAuts
     D:6: 637 daAuts
  Lair:5: 634 daAuts
     D:5: 622 daAuts
  Lair:3: 605 daAuts
    D:12: 550 daAuts
